AoeStats
← RoR | Vodka_L_2

Northern Isles

510287625Analyzed
1v1 RM · 1d ago on Sep 30, 2026· 16m 22s· 2 players
Game mode
Random Map
Map size
Tiny (2 player)
Population
200
Speed
Normal
Resources
Standard
Victory
Conquest
Starting age
Dark Age
Ending age
Imperial Age
RankedLock teamsTeams togetherTeam positionsShared explorationLock speedFull tech treeHidden civsTurbo modeCheats
Victory
Defeat
🇦🇹 Jurchens · Austria
2637
+14
🇮🇹 Italians · Italy
2598
-14
RoR | Vodka_L_2
7:02 Loom
9:11 Feudal Age
10:09 Double-Bit Axe
Oni.FreakinAndy
9:42 Feudal Age
10:23 Double-Bit Axe
12:03 Forging
13:11 Loom
13:31 Fishing Lines
Connection lost

Rejoining the realm…

Still unreachable

The connection could not be restored.

Session expired

The server has moved on; the page needs a fresh start.